 Dungeon Crawl Stone Soup version 0.21.1-1-g345015f (webtiles) character file.

1444 Mirai the Cleaver (level 8, -5/71 HPs)
             Began as a Hill Orc Fighter on Mar 6, 2018.
             Was an Initiate of Makhleb.
             Slain by a phantom (6 damage)
             ... on level 6 of the Dungeon.
             The game lasted 00:11:18 (3649 turns).

Mirai the Cleaver (Hill Orc Fighter)                Turns: 3649, Time: 00:11:19

Health: -5/71      AC: 11    Str: 25    XL:     8   Next: 74%
Magic:  9/9        EV: 10    Int:  8    God:    Makhleb [......]
Gold:   389        SH:  7    Dex: 14    Spells: 7/7 levels left

rFire    . . .     SeeInvis .   a - +1 war axe
rCold    . . .     Gourm    .   h - +2 buckler
rNeg     . . .     Faith    .   b - +0 scale mail
rPois    .         Spirit   .   (no helmet)
rElec    .         Reflect  .   x - scarf {repulsion}
rCorr    .         Harm     .   A - +1 pair of gloves
MR       .....                  e - +0 pair of boots
Stlth    ..........             (no amulet)
HPRegen  0.21/turn              v - +3 ring of dexterity (curse)
MPRegen  0.11/turn              (no ring)

@: mighty, slowed, repel missiles, very slow
A: no striking features
a: Renounce Religion


You were on level 6 of the Dungeon.
You worshipped Makhleb.
Makhleb was noncommittal.
You were hungry.

You visited 1 branch of the dungeon, and saw 6 of its levels.

You collected 389 gold pieces.

Inventory:

Hand Weapons
 a - a +1 war axe (weapon)
Armour
 b - a +0 scale mail (worn)
 c - a +0 shield
 e - a +0 pair of boots (worn)
 h - a +2 buckler (worn)
 j - a +0 cloak
 x - a scarf of repulsion (worn)
 A - a +1 pair of gloves (worn)
Jewellery
 v - a cursed +3 ring of dexterity (left hand)
Wands
 m - a wand of iceblast (5)
Scrolls
 i - a scroll of teleportation
 k - 4 scrolls of identify
 l - 2 scrolls of immolation {unknown}
 q - a scroll of amnesia
 u - 2 scrolls of fog
Potions
 n - a potion of lignification {unknown}
 p - a potion of haste
 r - a potion of resistance {unknown}
 t - 2 potions of curing {unknown}
Books
 g - a book of Misfortune

   Spells                             Type                      Level
   a - Confusing Touch                Hexes                        1
   b - Confuse                        Hexes                        3
   c - Gell's Gravitas                Translocation                3
   d - Petrify                        Transmutation/Earth          4
   e - Metabolic Englaciation         Hexes/Ice                    5
   f - Yara's Violent Unravelling     Hexes/Transmutation          5
Comestibles
 f - 12 rations


   Skills:
 + Level 6.4 Fighting
 + Level 9.9 Axes
 + Level 5.8 Armour
 + Level 5.1 Shields
 * Level 2.2 Invocations


You had 7 spell levels left.
You didn't know any spells.

Dungeon Overview and Level Annotations

Branches:
Dungeon (6/15)
 Temple: D:4-7

Altars:
Gozag
Hepliaklqana
Kikubaaqudgha
Makhleb
Ru
Sif Muna
Trog
Yredelemnul


Message History

The bullfrog barely misses you.
The orc wizard points at you and mumbles some strange words.
The magic dart hits you!
* * * LOW HITPOINT WARNING * * *
The bullfrog hits you.
* * * LOW HITPOINT WARNING * * *
The orc wizard gestures at you while chanting.
The magic dart hits you!
The phantom blinks!
The bullfrog hits you.
* * * LOW HITPOINT WARNING * * *
The orc wizard mumbles some strange words.
The orc wizard blinks!
You block the phantom's attack. The bullfrog closely misses you.
The phantom completely misses you. You block the bullfrog's attack.
You closely miss the phantom.
The phantom is lightly damaged.
You hit the bullfrog. The bullfrog barely misses you. The phantom hits you!
* * * LOW HITPOINT WARNING * * *
The bullfrog hits you but does no damage.
The phantom hits you.
You die...

,,,,,,,,,,,*,*,..........##....§§
,,,*,,,,,,,....#......$..##..####
,,,**,,,,,,......#.#.#.......###*
,,,*,,,,,,,,...#.....).<.......#.
,,,,,,,,,**,,....#.#.#..#........
,,,,****,.,*#,#......).))........
,,,,,,,,,#..#.#.....#)....F......
,,,,******#.....Wo..$))†.........
∩,,,* **.#..@F..#.#..........
,,,,** #........#)#..........
,,,,,* ###........#..........
,,,,,** ##..#..).>.$........
,,*,,,*** ##...............#.
,**,*,,,* ###.............#*
**,,***,******* #.##..####.##.#
*,** *,,,,,,,** #..#...,*,,**,*
*,* **,,,,,,,,**##,##.#.*,***,*


You could see a phantom, a bullfrog and an orc wizard.

Vanquished Creatures
  The ghost of vatarom the Gusty, an amateur DrAE (D:4)
  The ghost of Vesto the Shield-Bearer, an amateur GrFi (D:5)
  An orc warrior (D:6)
  5 big kobolds (D:3)
  A bullfrog zombie (D:4)
  A centaur zombie (D:4)
  A jelly (D:6)
  3 orc priests
  A centaur skeleton (D:6)
  3 hounds
  An iguana (D:5)
  3 orc wizards (D:6)
  3 worker ants
  7 gnolls (D:3)
  4 adders
  3 worms
  5 dart slugs
  3 leopard geckos
  13 orcs
  7 bats
  2 bat zombies (D:3)
  3 giant cockroaches
  8 goblins
  5 hobgoblins
  6 jackals
  A quokka (D:4)
  5 frilled lizards
  44 kobolds
  A quokka skeleton (D:5)
  2 rats (D:2)
  A rat zombie (D:3)
145 creatures vanquished.

Vanquished Creatures (others)
  2 orcs (D:3)
2 creatures vanquished.

Grand Total: 147 creatures vanquished

Notes
Turn   | Place    | Note
-------+----------+-------------------------------------------
     0 | D:1      | Mirai the Hill Orc Fighter began the quest for the Orb.
     0 | D:1      | Reached XP level 1. HP: 19/19 MP: 1/1
   179 | D:1      | Reached XP level 2. HP: 27/27 MP: 2/2
   481 | D:1      | Reached skill level 3 in Axes
   578 | D:1      | Reached XP level 3. HP: 29/33 MP: 3/3
  1107 | D:2      | Found a bloodstained altar of Trog.
  1161 | D:2      | Found a deep blue altar of Sif Muna.
  1299 | D:3      | Reached skill level 4 in Axes
  1299 | D:3      | Reached XP level 4. HP: 37/40 MP: 4/4
  1541 | D:3      | Found a sacrificial altar of Ru.
  1831 | D:3      | Reached XP level 5. HP: 44/47 MP: 5/5
  1853 | D:3      | Noticed a big kobold
  1861 | D:3      | Reached skill level 5 in Axes
  1870 | D:3      | Killed a big kobold
  1927 | D:3      | Noticed a big kobold
  1943 | D:3      | Killed a big kobold
  1943 | D:3      | Reached skill level 6 in Axes
  1943 | D:3      | Reached XP level 6. HP: 42/55 MP: 6/6
  2063 | D:3      | Reached skill level 5 in Fighting
  2074 | D:3      | Reached skill level 7 in Axes
  2074 | D:3      | Reached XP level 7. HP: 25/61 MP: 7/7
  2261 | D:3      | Found an ancient bone altar of Kikubaaqudgha.
  2533 | D:4      | Reached skill level 8 in Axes
  2656 | D:4      | Noticed vatarom's ghost (amateur DrAE)
  2670 | D:4      | Killed vatarom's ghost
  2670 | D:4      | Reached skill level 5 in Armour
  2670 | D:4      | Reached XP level 8. HP: 55/69 MP: 8/8
  2752 | D:4      | Reached skill level 5 in Shields
  2867 | D:5      | Entered Level 5 of the Dungeon
  2967 | D:5      | Noticed Vesto's ghost (amateur GrFi)
  2980 | D:5      | Killed Vesto's ghost
  2980 | D:5      | Reached skill level 9 in Axes
  3102 | D:5      | Found a basalt altar of Yredelemnul.
  3114 | D:5      | Found a burning altar of Makhleb.
  3114 | D:5      | Found a hazy altar of Hepliaklqana.
  3122 | D:5      | Became a worshipper of Makhleb the Destroyer
  3182 | D:5      | Found an opulent altar of Gozag.
  3212 | D:5      | Found an ancient bone altar of Kikubaaqudgha.
  3620 | D:6      | Reached skill level 1 in Invocations
  3649 | D:6      | HP: 1/71 [phantom (7)]
  3649 | D:6      | Slain by a phantom

Skill      XL: |  1  2  3  4  5  6  7  8 |
---------------+-------------------------+-----
Fighting       | 4 5 6 |  6.4
Axes           | 3 4 6 7 8 9 |  9.9
Armour         | 4 5 |  5.8
Shields        | 4 5 |  5.1
Invocations    | 2 |  2.2

Action                   |  1- 3 |  4- 6 |  7- 9 || total
-------------------------+-------+-------+-------++-------
Melee: War axe           |   108 |   138 |   155 ||   401
  Use: Potion            |       |       |     2 ||     2
       Scroll            |       |       |     7 ||     7
  Eat: Chunk             |     1 |     3 |     5 ||     9
Armor: Scale mail        |    55 |    96 |    55 ||   206
Dodge: Dodged            |    57 |    76 |    68 ||   201
Block: Buckler           |    30 |    60 |    59 ||   149
